 Dungeon Crawl Stone Soup version 0.19.0-20-gbc5f0c6 (webtiles) character file.

2530 Exaltedone87 the Cleaver (level 9, -8/81 HPs)
             Began as a Deep Dwarf Fighter on Nov 18, 2016.
             Was a Believer of Cheibriados.
             Mangled by an ice beast (13 damage)
             ... on level 8 of the Dungeon.
             The game lasted 00:15:16 (6159 turns).

Exaltedone87 the Cleaver (Deep Dwarf Fighter)       Turns: 6159, Time: 00:15:17

Health: -8/81      AC: 12    Str: 28    XL:     9   Next: 29%
Magic:  7/7        EV:  9    Int: 16    God:    Cheibriados [**....]
Gold:   301        SH: 13    Dex: 17    Spells: 0 memorised, 8 levels left

rFire  . . .     SeeInvis +     a - +0 war axe
rCold  . . .     Gourm    .     k - +0 plate armour
rNeg   . . .     Faith    .     c - +1 shield
rPois  .         Spirit   .     (no helmet)
rElec  .         Reflect  .     (no cloak)
rCorr  .         Harm     .     r - +2 pair of gloves
MR     +....                    C - +0 pair of boots
Stlth  ..........               g - amulet of magic regeneration
                                t - ring of see invisible
                                z - +2 ring of intelligence

@: non-regenerating, very slow
A: damage resistance, recharge devices, deformed body, sense surroundings 2,
slow regeneration 3
a: Device Recharging, Bend Time, Renounce Religion


You were on level 8 of the Dungeon.
You worshipped Cheibriados.
Cheibriados was pleased with you.
You were not hungry.

You visited 2 branches of the dungeon, and saw 9 of its levels.

You collected 301 gold pieces.

Inventory:

Hand Weapons
 a - a +0 war axe (weapon)
 A - a +1 flail of protection
Missiles
 d - a throwing net (quivered)
Armour
 c - a +1 shield (worn)
 k - a +0 plate armour (worn)
 r - a +2 pair of gloves (worn)
 C - a +0 pair of boots (worn)
Jewellery
 g - an amulet of magic regeneration (around neck)
 s - an uncursed ring of ice
 t - a ring of see invisible (right hand)
 z - a +2 ring of intelligence (left hand)
Wands
 e - a wand of heal wounds (1/9)
Scrolls
 i - 3 scrolls of magic mapping
 m - 2 scrolls of fear
 n - a scroll of noise {unknown}
 o - a scroll of enchant armour
 u - 4 scrolls of teleportation
 x - 2 scrolls of remove curse
 y - a scroll of amnesia
 B - 2 scrolls of blinking
Potions
 h - 2 potions of curing
 l - 4 potions of brilliance
 q - a potion of invisibility
 v - a potion of magic
 w - a potion of might
 D - a potion of agility
 F - 4 potions of flight
Comestibles
 b - 16 chunks of flesh
 f - 7 bread rations
 j - 4 meat rations


   Skills:
 + Level 5.2 Fighting
 * Level 8.4 Axes
 + Level 6.6 Armour
 + Level 5.0 Dodging
 + Level 6.7 Shields


You had 8 spell levels left.
You didn't know any spells.

Dungeon Overview and Level Annotations

Branches:
Dungeon (8/15)             Temple (1/1) D:4
   Lair: D:8-11

Altars:
Ashenzari
Cheibriados
Dithmenos
Elyvilon
Fedhas
Gozag
Kikubaaqudgha
Nemelex Xobeh
Okawaru
Qazlal
Ru
Sif Muna
Trog
Uskayaw
Vehumet
Xom
Yredelemnul
Zin
The Shining One

Portals:
Bailey: D:8


Innate Abilities, Weirdness & Mutations

You are resistant to damage.
You can recharge devices by infusing magical energy.
You passively map the area around you.
You do not regenerate.
Armour fits poorly on your strangely shaped body.


Message History

The ice beast hits you but does no damage.
You slash the ice beast!
The ice beast is almost dead.
You block the ice beast's attack.
The ice beast hits you but does no damage.
You closely miss the ice beast.
The ice beast is almost dead.
You block the ice beast's attack.
You closely miss the ice beast.
The ice beast is almost dead.
The ice beast hits you.
* * * LOW HITPOINT WARNING * * *
The ice beast freezes you.
* * * LOW HITPOINT WARNING * * *
You completely miss the ice beast.
The ice beast is almost dead.
The ice beast hits you.
* * * LOW HITPOINT WARNING * * *
The ice beast freezes you!
You die...

#........≈#####≈
#........≈≈≈≈≈≈≈
#...............
#............#..
#............#..
###............#..
#..............###
#.#########+###.
#@# *, ,*.. #Y# ,
, ... #.# , #.# ,
, * #.# ,, , #..,
, , ,, #.. , , ##.
, , , ,, , ,*


You could see an ice beast.

Vanquished Creatures
  Sigmund (D:2)
  A sky beast (D:5)
  An ice beast (D:7)
  3 orc warriors
  4 ogres
  5 centaurs
  A bullfrog (D:6)
  4 killer bees (D:7)
  A howler monkey (D:6)
  A quasit (D:5)
  A bullfrog zombie (D:7)
  3 hounds
  6 orc priests
  A bullfrog skeleton (D:6)
  An iguana (D:5)
  2 jellies
  A centaur skeleton (D:4)
  2 worker ants (D:4)
  4 orc wizards
  A hound skeleton (D:5)
  A howler monkey skeleton (D:7)
  9 adders
  2 shadow imps (D:7)
  4 worms
  5 dart slugs
  7 leopard geckos
  23 orcs
  A giant cockroach (D:7)
  11 goblins
  5 hobgoblins (D:1)
  4 jackals (D:4)
  12 kobolds
  2 quokkas
  2 ball pythons
  6 bats
  4 frilled lizards
  A leopard gecko skeleton (D:4)
  10 rats
  2 plants (D:3)
155 creatures vanquished.

Vanquished Creatures (others)
  A plant (D:3)
1 creature vanquished.

Grand Total: 156 creatures vanquished

Notes
Turn   | Place    | Note
-------+----------+-------------------------------------------
     0 | D:1      | Exaltedone87 the Deep Dwarf Fighter began the quest for the Orb.
     0 | D:1      | Reached XP level 1. HP: 20/20 MP: 1/1
   265 | D:1      | Reached XP level 2. HP: 25/27 MP: 2/2
   775 | D:2      | Found a faded altar of an unknown god.
   848 | D:2      | Reached XP level 3. HP: 25/33 MP: 3/3
   864 | D:2      | Reached skill level 1 in Dodging
   941 | D:2      | Reached skill level 3 in Axes
  1003 | D:2      | Noticed Sigmund
  1020 | D:2      | Killed Sigmund
  1020 | D:2      | Reached skill level 4 in Axes
  1020 | D:2      | Reached XP level 4. HP: 32/42 MP: 4/4
  1020 | D:2      | Reached XP level 5. HP: 37/49 MP: 5/5
  1110 | D:2      | Found a faded altar of an unknown god.
  1110 | D:2      | Found a faded altar of an unknown god.
  1116 | D:2      | Found a faded altar of an unknown god.
  1118 | D:2      | Found a faded altar of an unknown god.
  1119 | D:2      | Found a bloodstained altar of Trog.
  1371 | D:2      | Found a shattered altar of Ashenzari.
  1563 | D:3      | Found a basalt altar of Yredelemnul.
  1797 | D:3      | Reached XP level 6. HP: 37/56 MP: 6/6
  1831 | D:3      | Found a sacrificial altar of Ru.
  1861 | D:3      | Found a blossoming altar of Fedhas.
  1861 | D:3      | Found an ancient bone altar of Kikubaaqudgha.
  2458 | D:4      | Got a pair of slimy gloves
  2469 | D:4      | Identified the cursed -7 pair of gloves of the King of the Hill {rElec rF++ Str-4} (You found it on level 4 of the Dungeon)
  2682 | D:4      | You fall through a shaft!
  2682 | D:5      | Entered Level 5 of the Dungeon
  2781 | D:4      | Reached skill level 5 in Axes
  2821 | D:4      | Found a staircase to the Ecumenical Temple.
  2825 | Temple   | Entered the Ecumenical Temple
  3213 | D:4      | Reached XP level 7. HP: 46/63 MP: 7/7
  3913 | D:5      | Reached skill level 5 in Armour
  3913 | D:5      | Reached skill level 5 in Shields
  3930 | D:5      | Found a shadowy altar of Dithmenos.
  4065 | D:5      | Reached skill level 6 in Axes
  4596 | Temple   | Became a worshipper of Cheibriados the Contemplative
  4696 | D:6      | Reached XP level 8. HP: 53/72 MP: 8/8
  4924 | D:6      | Gained mutation: You are resistant to electric shocks. (rElec) [potion of mutation]
  4924 | D:6      | Gained mutation: Your muscles are strong. (Str +2) [potion of mutation]
  4924 | D:6      | Gained mutation: Armour fits poorly on your strangely shaped body. [potion of mutation]
  4925 | D:6      | Lost mutation: Your muscles are strong. (Str +2) [potion of cure mutation]
  4925 | D:6      | Lost mutation: You are resistant to electric shocks. (rElec) [potion of cure mutation]
  5212 | D:6      | Reached skill level 7 in Axes
  5217 | D:6      | Reached * piety under Cheibriados
  5236 | D:6      | HP: 2/73 [orc warrior/glaive (10)]
  5410 | D:7      | HP: 2/73 [poisoned by a killer bee]
  5418 | D:7      | HP: 2/73 [killer bee (6)]
  5470 | D:7      | HP: 3/73 [centaur/arrow (6)]
  5523 | D:7      | Reached skill level 5 in Fighting
  5523 | D:7      | Gained mutation: You passively map the area around you. [Deep Dwarf growth]
  5523 | D:7      | Reached XP level 9. HP: 55/81 MP: 7/7
  5545 | D:7      | Reached ** piety under Cheibriados
  5545 | D:7      | Reached skill level 8 in Axes
  5571 | D:7      | Found a shimmering altar of Xom.
  5571 | D:7      | Found a shimmering altar of Xom.
  5572 | D:7      | Found a shimmering altar of Xom.
  5582 | D:7      | Noticed a spiny frog
  6008 | D:8      | Found a glowing golden altar of the Shining One.
  6042 | D:8      | Reached skill level 5 in Dodging
  6079 | D:8      | Found a flagged portal.
  6159 | D:8      | Mangled by an ice beast

Skill      XL: |  1  2  3  4  5  6  7  8  9 |
---------------+----------------------------+-----
Dodging        | 2 3 4 5 |  5.0
Axes           | 4 5 6 7 8 |  8.4
Fighting       | 3 4 5 |  5.2
Armour         | 4 5 6 |  6.6
Shields        | 4 5 6 |  6.7

Action                   |  1- 3 |  4- 6 |  7- 9 || total
-------------------------+-------+-------+-------++-------
Melee: War axe           |   136 |   162 |   360 ||   658
 Abil: Device Recharging |       |       |     2 ||     2
Evoke: Wand              |     2 |     1 |     7 ||    10
  Use: Potion            |     1 |       |    10 ||    11
       Scroll            |       |     6 |    15 ||    21
  Eat: Chunk             |     1 |     7 |     4 ||    12
       Bread ration      |       |       |     1 ||     1
       Beef jerky        |       |       |     1 ||     1
Armor: Scale mail        |    60 |    79 |    71 ||   210
       Plate armour      |       |       |    89 ||    89
Dodge: Dodged            |    29 |    47 |   148 ||   224
Block: Shield            |    62 |    82 |   237 ||   381
